 Dungeon Crawl Stone Soup version 0.28.0-53-g5a82cb258f (webtiles) character file.

Game seed: 5529747734957228944

80 pkoi the Insei (level 3, 0/29 HPs)
             Began as a Demigod Gladiator on June 1, 2022.
             Killed by divine providence
             ... invoked by an orc priest
              (12 damage)
             ... on level 2 of the Dungeon.
             The game lasted 00:03:34 (3878 turns).

pkoi the Insei (Demigod Gladiator)                  Turns: 3878, Time: 00:03:36

Health: 0/29       AC:  4    Str: 15    XL:     3   Next: 98%
Magic:  5/5        EV: 12    Int: 14    God:
Gold:   68         SH:  0    Dex: 15    Spells: 0/2 levels left

rFire   . . .      SeeInvis .     - Unarmed
rCold   . . .      Faith    .   (no shield)
rNeg    . . .      Spirit   .   a - +0 leather armour
rPois   .          Reflect  .   b - +0 helmet
rElec   .          Harm     .   (no cloak)
rCorr   .          Rampage  .   (no gloves)
Will    .....                   (no boots)
Stlth   +.........              (no amulet)
HPRegen 0.09/turn               (no ring)
MPRegen 0.09/turn               (no ring)

@: no status effects
A: high MP 1, forlorn, divine attributes
a: no special abilities


You were on level 2 of the Dungeon.
You visited 1 branch of the dungeon, and saw 3 of its levels.

You collected 68 gold pieces.

Inventory:

Hand Weapons
 e - a +0 broad axe
 f - a +0 dagger
 g - a +0 dagger
Missiles
 c - 3 throwing nets (quivered)
 i - 5 poisoned darts
Armour
 a - a +0 leather armour (worn)
 b - a +0 helmet (worn)
Wands
 d - a wand of polymorph (9)
Potions
 h - a potion of invisibility


   Skills:
 - Level 1.7 Fighting
 - Level 1.7 Throwing
 - Level 2.6 Dodging
 * Level 4.4 Unarmed Combat
 + Level 0.9 Evocations


You couldn't memorise any spells.
You knew the following spells:

 Your Spells              Type           Power      Damage    Failure   Level
a - Static Discharge      Conj/Air       0%         N/A       47%         2

Your spell library contained the following spells:

 Spells                   Type           Power      Damage    Failure   Level
 Lightning Bolt           Conj/Air       0%         1d11      100%        5
 Maxwell's Capacitive Co  Air            0%         ∞         100%        8


Dungeon Overview and Level Annotations

Branches:
Dungeon (3/15)

Shops:
D:2 !


Innate Abilities, Weirdness & Mutations

You have an increased reservoir of magic. (+10% MP)
You shall have no god before yourself.
Your divine heritage dramatically boosts your attributes as you level up.


Message History

a +0 short sword; a +0 chain mail You start resting.
You start resting.
You start resting.
HP restored.
You start waiting.
Things that are here:
a +0 short sword; a +0 chain mail
There is a stone staircase leading down here.
You climb downwards.
There is a stone staircase leading up here.
Unknown command.
Unknown command.
The orc priest hits you with a +0 hand axe.
You climb upwards.
There is a stone staircase leading down here.
Unknown command.
Unknown command.
Things that are here:
a +0 chain mail; a +0 short sword You hit the orc priest.
The orc priest is moderately wounded.
The orc priest hits you with a +0 hand axe.
* * * LOW HITPOINT WARNING * * *
You closely miss the orc priest.
The orc priest is moderately wounded.
The orc priest closely misses you.
You closely miss the orc priest.
The orc priest is moderately wounded.
The orc priest mumbles some strange prayers to Beogh against you.
Beogh smites you!
* * * LOW HITPOINT WARNING * * *
You barely miss the orc priest.
The orc priest is moderately wounded.
The orc priest hits you but does no damage.
You hit the orc priest. You punch the orc priest.
The orc priest is almost dead.
The orc priest invokes the aid of Beogh against you.
Beogh smites you!
You die...

.#.#.(.##..#.#.#.#..#..#.....#.#.
.#.#....#..#...#<##...##.....#.#.
.#.#....#..#...#)###.###.....#.#.
#'.#....#..#...#.##...#+.........
...#...........#.###.###.....#.##
###'....#..#.#...#.#)# #.........
...................#.# #..†....##
.##.##..#.##.##..#.#.# #.........
................@....# #.......##
..............##o#...# #.......#
...###..#.###<.......# #.......##
....##..#.#..........########....
...[##..#.#.####.##......# #.###
..............##.....##### #.#
.................##..########.###
.#..##..#...#.#.###..............
.#..##..#...#.#.# #..########.###


You could see an orc priest.

Vanquished Creatures
  2 adders (D:2)
  A dart slug (D:2)
  3 worms
  2 orcs
  3 ball pythons
  2 bats
  7 endoplasms (D:1)
  A giant cockroach (D:1)
  4 goblins
  6 hobgoblins (D:2)
  4 kobolds
  3 quokkas
  7 frilled lizards
  3 rats
48 creatures vanquished.

Notes
Turn   | Place    | Note
-------+----------+-------------------------------------------
     0 | D:1      | pkoi the Demigod Gladiator began the quest for the Orb.
     0 | D:1      | Reached XP level 1. HP: 17/17 MP: 3/3
   325 | D:1      | Reached skill level 3 in Unarmed Combat
   946 | D:1      | Reached XP level 2. HP: 24/24 MP: 4/4
  1843 | D:2      | Reached skill level 4 in Unarmed Combat
  1843 | D:2      | Reached XP level 3. HP: 22/29 MP: 5/5
  3360 | D:2      | Found Gilom's Distillery.
  3372 | D:2      | Learned a level 2 spell: Static Discharge
  3878 | D:2      | Killed from afar by an orc priest

Illustrated notes

Levels and vault maps discovered:
D:1:      lightli_arrival_chessboard, layout_basic,
          shapermc_ecumenical_altar_mp_ritualfount, st_stairs_12,
          skrybe_limestone_x, serial_bayou_crossing
D:2:      minmay_spotlight, layout_basic, serial_shops, nicolae_lakefront_shop,
          minmay_misc_feat_pillars, minivault_11
D:3:      minmay_recursive_quarters, layout_rooms,
          nicolae_overflow_hidden_temple, grunt_temple_overflow_open,
          tso_metal_star, nicolae_figureground_pulse

Skill      XL: |  1  2 |
---------------+-------+-----
Unarmed Combat | 3 4 |  4.4
Fighting       | |  1.7
Throwing       | |  1.7
Dodging        | |  2.6
Evocations     | |  0.9

Action                   || total
-------------------------++-------
Melee: Broad axe         ||    42
       Unarmed           ||   152
       Punch             ||     5
  Use: Potion            ||     3
       Scroll            ||     5
 Stab: Sleeping          ||     1
Armor: Leather armour    ||    62
Dodge: Dodged            ||   101
